 Dungeon Sprint DCSS version 0.23.2-30-g0e89c35649 (webtiles) character file.

Game seed: 14519876541588112080

2039 HASTUR3 the Nimble (level 9, 0/77 HPs)
             Began as a Demonspawn Chaos Knight on June 17, 2019.
             Was a Plaything of Xom.
             Slain by an orc warrior
             ... wielding a +0 war axe
              (17 damage)
             ... in the Dungeon (Sprint III: "The Ten Rune Challenge").
             The game lasted 00:08:46 (552 turns).

HASTUR3 the Nimble (Demonspawn Chaos Knight)         Turns: 552, Time: 00:08:46

Health: 0/77       AC:  5    Str: 13 (16) XL:     9   Next: 4%
Magic:  13/13      EV: 18    Int: 14 (15) God:    Xom [.*....]
Gold:   36         SH:  0    Dex: 12 (13) Spells: 6/8 levels left

rFire    + . .     SeeInvis .     - Unarmed
rCold    . . .     Gourm    .   (no shield)
rNeg     . . .     Faith    .   a - +2 leather armour
rPois    .         Spirit   .   (no helmet)
rElec    .         Reflect  .   (no cloak)
rCorr    .         Harm     .   (no gloves)
MR       +....     NoTele   +   (no boots)
Stlth    +.........             (no amulet)
HPRegen  0.22/turn              (no ring)
MPRegen  0.13/turn              (no ring)

@: hasted, very quick
A: talons 2, clever 1, deterioration 1, fire resistance 1, magic resistance 1,
powered by pain 1, no potion heal 1, flame cloud immunity
a: Renounce Religion


You were in the Dungeon.
You worshipped Xom.
You were a plaything of Xom.
You were not hungry.

You visited 1 branch You collected 36 gold pieces.

Inventory:

Armour
 a - a +2 leather armour (worn)
Scrolls
 i - 6 scrolls of remove curse
 k - a scroll of amnesia {unknown}
 m - a scroll of torment {unknown}
 p - a scroll of immolation {unknown}
Potions
 f - 2 potions of magic
 o - 3 potions of flight
Miscellaneous
 j - a lightning rod (4/4)
Comestibles
 b - 4 rations
 c - 3 chunks of flesh


   Skills:
 - Level 9.6 Fighting
 - Level 1.7 Armour
 - Level 11.3 Dodging
 + Level 10.6 Unarmed Combat
 - Level 3.0 Summonings
 - Level 3.4 Necromancy
 + Level 6.4 Evocations


You had 6 spell levels left.
You knew the following spells:

 Your Spells              Type           Power        Failure   Level  Hunger
a - Animate Skeleton      Necr           N/A          9%          1    ##.....
b - Summon Small Mammal   Summ           #...         11%         1    ##.....

Your spell library contained the following spells:

 Spells                   Type           Power        Failure   Level  Hunger
 Apportation              Tloc           #.....       36%         1    ##.....
 Confusing Touch          Hex            #.....       36%         1    ##.....


Dungeon Overview and Level Annotations

Branches:
Dungeon (1/1)

Altars:
Cheibriados
Dithmenos
Elyvilon
Fedhas
Gozag
Hepliaklqana
Kikubaaqudgha
Makhleb
Nemelex Xobeh
Okawaru
Qazlal
Ru
Sif Muna
Trog
Uskayaw
Vehumet
Wu Jian
Xom
Yredelemnul
Zin
The Shining One
Beogh
Jiyva
Lugonu


Innate Abilities, Weirdness & Mutations

You have razor-sharp toenails.
Your flesh is heat resistant. (rF+)
You sometimes gain a little power by taking damage.
You are immune to clouds of flame.
Your mind is acute. (Int +2)
Your body sometimes deteriorates upon taking damage.
You are resistant to hostile enchantments. (MR+)
Potions are less effective at restoring your health.


Message History

Your system partially rejects the healing effects of potions.
You feel resistant to hostile enchantments.
It was a potion of degeneration.
There was something very wrong with that liquid.
You feel weakened.
You feel dopey.
You feel clumsy.
Xom roars with laughter!
There is an open door here.
There is an open door, spattered with blood here.
You feel yourself speed up.
You punch the orc warrior!
The orc warrior is heavily wounded.
You hit the orc warrior but do no damage.
The orc warrior is heavily wounded.
You hit the orc.
The orc is heavily wounded.
You hit the orc warrior. Your kick misses the orc warrior.
The orc warrior is severely wounded.
The orc warrior hits you with a +0 war axe!
You die... "Boring in life, boring in death..."

▓▓▓▓▓▓▓▓▓▓▓▓▓ ▓▓▓
▓<.#..'...♣.♣♣ ♣.##
▓..#..#....♣.♣ ♣.#_
▓#'####.....♣♣ ♣♣.#)
▓.....#....≈♣♣♣♣..##
▓...o.#...≈≈♣.♣...#.
▓..@o.#..≈≈≈o.....'.
▓####o#..≈≈≈≈≈≈.♣.#.
▓.....#.≈≈≈≈≈≈....#.
▓.....#.≈≈≈≈≈.....#.
▓.o...#.≈≈≈.......#)
▓o#####...........#)
▓...ooo...........#_
▓▓▓▓▓▓▓▓▓▓▓▓▓▓▓▓▓▓▓▓


You could see an orc warrior and 2 orcs.

Vanquished Creatures
  Josephine (D)
  A deep elf mage (D)
  A shadow (D)
  A spatial vortex (D)
  A necrophage (D)
  A water elemental (D)
  A jelly (D)
  A wizard (D)
  A necromancer (D)
  3 humans (D)
  A kobold demonologist (D)
  2 oozes (D)
  A phantom (D)
  2 rats (D)
18 creatures vanquished.

Vanquished Creatures (collateral kills)
  An orc warrior (D)
  An orc wizard (D)
2 creatures vanquished.

Vanquished Creatures (others)
  2 draconian scorchers (D)
  A hydra (D)
  6 hellions (D)
  A yaktaur (D)
  4 plants (D)
14 creatures vanquished.

Grand Total: 34 creatures vanquished

Notes
Turn   | Place    | Note
-------+----------+-------------------------------------------
     0 | D        | HASTUR3 the Demonspawn Chaos Knight began the quest for the
                  | Orb.
     0 | D        | Reached XP level 1. HP: 18/18 MP: 1/1
    11 | D        | Reached skill level 1 in Dodging
    15 | D        | Reached skill level 2 in Dodging
    15 | D        | Gained mutation: You have sharp toenails. [demonic
                  | ancestry]
    15 | D        | Reached XP level 2. HP: 22/25 MP: 2/2
    56 | D        | XOM: potion effect (experience)
    56 | D        | Reached skill level 8 in Dodging
    56 | D        | Reached XP level 3. HP: 30/30 MP: 3/3
    64 | D        | XOM: potion effect (agility)
    99 | D        | Killed a hellion
   114 | D        | XOM: harmless Ice miscast
   117 | D        | Killed a hellion
   119 | D        | Killed a hellion
   120 | D        | Killed a hellion
   132 | D        | Noticed a water elemental
   139 | D        | XOM: harmless Tloc miscast
   141 | D        | Killed a water elemental
   141 | D        | Reached skill level 5 in Fighting
   141 | D        | Gained mutation: You have razor-sharp toenails. [demonic
                  | ancestry]
   141 | D        | Reached XP level 4. HP: 33/39 MP: 4/4
   145 | D        | Found a glowing silver altar of Zin.
   146 | D        | Found a glowing golden altar of the Shining One.
   146 | D        | Found a white marble altar of Elyvilon.
   146 | D        | Noticed a deep elf mage
   148 | D        | XOM: potion effect (heal wounds)
   152 | D        | Killed a deep elf mage
   152 | D        | Reached skill level 10 in Dodging
   152 | D        | Reached XP level 5. HP: 49/49 MP: 5/5
   152 | D        | Reached XP level 6. HP: 56/56 MP: 6/6
   159 | D        | Killed a hellion
   166 | D        | Killed a hellion
   167 | D        | Killed a white draconian scorcher
   185 | D        | Killed a white draconian scorcher
   197 | D        | Found a radiant altar of Vehumet.
   198 | D        | Found a deep blue altar of Sif Muna.
   198 | D        | Found an ancient bone altar of Kikubaaqudgha.
   205 | D        | Gained mutation: Your flesh is heat resistant. (rF+)
                  | [demonic ancestry]
   205 | D        | Reached XP level 7. HP: 55/62 MP: 7/7
   245 | D        | Learned a level 1 spell: Animate Skeleton
   247 | D        | Learned a level 1 spell: Summon Small Mammal
   250 | D        | Killed a yaktaur
   255 | D        | Found a hide-covered altar of Uskayaw.
   255 | D        | Found a roughly hewn altar of Beogh.
   255 | D        | Found an iron altar of Okawaru.
   255 | D        | Found a bloodstained altar of Trog.
   255 | D        | Found an ornate altar of the Wu Jian Council.
   255 | D        | Noticed a human
   256 | D        | Noticed a human
   257 | D        | XOM: potion effect (agility)
   261 | D        | XOM: potion effect (haste)
   265 | D        | XOM: potion effect (brilliance)
   268 | D        | XOM: harmless Tmut miscast
   276 | D        | XOM: potion effect (curing)
   285 | D        | Killed a human
   285 | D        | Reached skill level 1 in Summonings
   285 | D        | Reached skill level 1 in Necromancy
   288 | D        | Killed a human
   288 | D        | Reached skill level 11 in Dodging
   308 | D        | Found a basalt altar of Yredelemnul.
   308 | D        | Found a shadowy altar of Dithmenos.
   308 | D        | Found a sacrificial altar of Ru.
   329 | D        | Noticed a shadow
   334 | D        | Killed an eight-headed hydra
   336 | D        | XOM: divination: detect creatures
   339 | D        | Killed a shadow
   339 | D        | Gained mutation: You sometimes gain a little power by
                  | taking damage. [demonic ancestry]
   339 | D        | Reached XP level 8. HP: 29/70 MP: 8/8
   348 | D        | Found a blossoming altar of Fedhas.
   348 | D        | Found a stormy altar of Qazlal.
   352 | D        | Found a snail-covered altar of Cheibriados.
   352 | D        | Found a burning altar of Makhleb.
   352 | D        | Found a hazy altar of Hepliaklqana.
   352 | D        | Found a shimmering altar of Xom.
   352 | D        | Found an opulent altar of Gozag.
   352 | D        | Found a sparkling altar of Nemelex Xobeh.
   352 | D        | Found a corrupted altar of Lugonu.
   352 | D        | Found a viscous altar of Jiyva.
   361 | D        | XOM: potion effect (magic)
   388 | D        | Noticed Josephine
   412 | D        | XOM: potion effect (magic)
   428 | D        | XOM: potion effect (agility)
   434 | D        | Killed Josephine
   434 | D        | Reached skill level 10 in Unarmed Combat
   434 | D        | Gained mutation: You are immune to clouds of flame.
                  | [demonic ancestry]
   434 | D        | Reached XP level 9. HP: 17/77 MP: 8/13
   498 | D        | XOM: noise
   528 | D        | Gained mutation: Your muscles are strong. (Str +2) [potion
                  | of mutation]
   528 | D        | Gained mutation: You have a pair of small horns on your
                  | head. [potion of mutation]
   528 | D        | Gained mutation: Your muscles are very strong. (Str +4)
                  | [potion of mutation]
   529 | D        | XOM: summons friendly quasit
   538 | D        | Lost mutation: Your muscles are very strong. (Str +4)
                  | [potion of mutation]
   538 | D        | Lost mutation: Your muscles are strong. (Str +2) [potion of
                  | mutation]
   538 | D        | Lost mutation: You have a pair of small horns on your head.
                  | [potion of mutation]
   538 | D        | Gained mutation: Your mind is acute. (Int +2) [potion of
                  | mutation]
   538 | D        | Gained mutation: Your body sometimes deteriorates upon
                  | taking damage. [potion of mutation]
   538 | D        | Gained mutation: Potions are less effective at restoring
                  | your health. [potion of mutation]
   538 | D        | Gained mutation: You are resistant to hostile enchantments.
                  | (MR+) [potion of mutation]
   552 | D        | Slain by an orc warrior

Skill      XL: |  1  2  3  4  5  6  7  8 |
---------------+-------------------------+-----
Dodging        | 2 8 10 11 | 11.3
Unarmed Combat | 3 4 7 8 10 | 10.6
Fighting       | 5 8 9 |  9.6
Summonings     | 2 3 |  3.0
Necromancy     | 3 |  3.4
Evocations     | 6 |  6.4
Armour         | |  1.7

Action                   |  1- 3 |  4- 6 |  7- 9 || total
-------------------------+-------+-------+-------++-------
Melee: Unarmed           |    53 |    11 |    63 ||   127
       Kick              |    11 |     1 |    18 ||    30
       Punch             |       |       |     3 ||     3
 Cast: Summon Small Mamm |       |       |    12 ||    12
       Animate Skeleton  |       |       |     2 ||     2
  Use: Potion            |       |     1 |     9 ||    10
       Scroll            |       |       |     1 ||     1
Armor: Leather armour    |     6 |     2 |     2 ||    10
Dodge: Dodged            |    37 |     5 |    23 ||    65
